Map: [ESL] Oceanborn

Players

FoxeR - Winner!

  • Race: Terran Terran
  • Spawn Location: 5:00

Holden

  • Race: Protoss Protoss
  • Spawn Location: 11:00

Event: ESL Spring 2024 Finals

VOD

Have the link to the VOD?

Description

Time

  • Played on: May 31, 2024, 6:33 p.m.
  • Length: 6:15

All games in this series

Show
View Real Time Build Order
Export as new Build Order

FoxeR Terran - Winner!

Build Orders: Reaper Expand 

Get SALT Encoding   

  12  0:00  SCV  
  13  0:12  SCV  
  14  0:17  Supply Depot  
  14  0:24  SCV  
  15  0:39  SCV  
  15  0:40  Barracks  
  16  0:43  Refinery  
  16  0:51  SCV  
  17  1:03  SCV  
  18  1:15  SCV  
  19  1:30  Orbital Command, Reaper  
  20  1:40  Command Center  
  20  1:47  Supply Depot  
  20  1:55  SCV  
  21  2:02  Marine  
  21  2:07  SCV  
  23  2:09  Factory  
  23  2:14  Bunker  
  23  2:20  SCV, Marine  
  25  2:24  Refinery  
  25  2:32  SCV  
  26  2:38  Barracks Reactor  
  26  2:44  SCV  
  27  2:53  Orbital Command  
  27  2:59  Starport  
  27  3:02  SCV  
  27  3:04  Hellion  
  29  3:12  Supply Depot  
  29  3:14  SCV, Marine  
  29  3:15  Marine  
  29  3:19  SCV  
  33  3:25  Widow Mine  
  33  3:26  SCV  
  36  3:33  Marine x2  
  38  3:35  SCV  
  38  3:39  SCV  
  38  3:40  Barracks, Medivac  
  42  3:47  SCV  
  43  3:49  Factory Tech Lab  
  43  3:51  SCV, Marine  
  43  3:53  Supply Depot  
  45  3:56  Marine  
  45  3:59  SCV  
  47  4:03  SCV  
  47  4:08  Siege Tank  
  51  4:11  SCV, Engineering Bay  
  51  4:12  Refinery  
  51  4:15  SCV, Marine x2  
  51  4:16  Starport Tech Lab  
  55  4:21  Supply Depot  
  55  4:23  SCV  
  56  4:27  SCV  
  56  4:30  Marine  
  58  4:32  Marine  
  58  4:35  SCV  
  62  4:43  SCV  
  66  4:47  SCV, Marine  
  66  4:50  Marine  
  63  4:55  SCV  
  63  4:57  Barracks  
  63  4:59  SCV, Refinery  
  62  5:01  Marine, Bunker  
  62  5:05  Marine  
  62  5:06  Missile Turret, Factory Reactor  
  64  5:07  SCV  
  64  5:08  Marine  
  64  5:10  Starport Reactor  
  64  5:11  SCV  
  64  5:12  Supply Depot  
  67  5:19  SCV, Marine  
  69  5:22  Supply Depot, Marine  
  70  5:32  Supply Depot  
  70  5:33  SCV x2, Marine  
  73  5:36  Marine  
  73  5:40  Marine  
  75  5:45  SCV x2  
  75  5:46  Widow Mine  
  75  5:47  Widow Mine  
  81  5:51  Marine  
  81  5:54  Supply Depot, Marine  
Show
View Real Time Build Order
Export as new Build Order

Holden Protoss 

Build Orders: 1 Gate Expand 

Get SALT Encoding   

  12  0:00  Probe  
  13  0:12  Probe  
  14  0:16  Pylon  
  14  0:24  Probe (Chrono Boost)  
  15  0:34  Gateway  
  15  0:36  Probe (Chrono Boost)  
  16  0:45  Probe (Chrono Boost)  
  16  0:46  Assimilator  
  17  0:51  Probe  
  18  1:03  Probe  
  19  1:15  Probe  
  20  1:21  Cybernetics Core  
  20  1:33  Nexus  
  20  1:39  Pylon  
  20  1:42  Probe  
  21  1:49  Assimilator  
  21  1:54  Probe  
  21  1:56  Adept (Chrono Boost)  
  21  2:00  Warp Gate  
  24  2:07  Probe (Chrono Boost)  
  25  2:19  Adept, Probe (Chrono Boost)  
  28  2:26  Probe (Chrono Boost)  
  29  2:33  Stargate  
  29  2:34  Probe (Chrono Boost)  
  30  2:46  Probe (Chrono Boost)  
  30  2:49  Stalker  
  34  2:52  Probe (Chrono Boost)  
  34  2:54  Probe (Chrono Boost)  
  36  2:59  Probe (Chrono Boost)  
  36  3:00  Probe  
  37  3:10  Probe  
  38  3:13  Probe  
  38  3:19  Void Ray (Chrono Boost)  
  43  3:22  Probe  
  43  3:25  Probe  
  45  3:28  Twilight Council  
  45  3:31  Pylon  
  45  3:34  Probe  
  45  3:38  Probe  
  45  3:41  Pylon  
  45  3:46  Probe  
  46  3:50  Probe  
  46  3:52  Gateway  
  47  4:01  Gateway  
  51  4:03  Void Ray  
  51  4:07  Pylon  
  51  4:08  Resonating Glaives (Chrono Boost)  
  51  4:14  Gateway  
  51  4:15  Probe  
  51  4:16  Probe  
  53  4:19  Assimilator  
  53  4:26  Gateway  
  53  4:27  Probe  
  53  4:30  Gateway  
  54  4:34  Adept  
  56  4:52  Void Ray (Chrono Boost)  
  60  4:54  Probe  
  60  4:57  Adept x3  
  66  5:04  Pylon  
  66  5:05  Pylon  
  66  5:12  Adept  
  68  5:18  Adept  
  70  5:22  Pylon  
  70  5:23  Adept x2  
  70  5:25  Adept  
  70  5:27  Adept  
  78  5:33  Adept  
  80  5:38  Adept  
  80  5:42  Pylon  
  82  5:44  Adept x2  
  82  5:48  Adept  
  88  6:03  Adept x3  
Tags
 
Add a new tag
Caveats
  • Supply blocks, unpowered buildings, or Contaminate may cause inaccurate times.
  • Supply counts are checked every 10 seconds.